 Dungeon Crawl Stone Soup version 0.27-a0-1513-g2aaa0cc67b (webtiles) character file.

Game seed: 7356672964570921136

2879 quinnr the Stormcaller (level 9, -3/45 HPs)
             Began as a Tengu Air Elementalist on July 10, 2021.
             Killed by the air
             ... invoked by Gastronok
              (27 damage)
             ... on level 9 of the Dungeon.
             The game lasted 00:31:29 (12798 turns).

quinnr the Stormcaller (Tengu Air Elementalist)    Turns: 12798, Time: 00:31:30

Health: -3/45      AC:  2    Str:  9    XL:     9   Next: 76%
Magic:  6/14       EV: 15    Int: 18    God:
Gold:   99         SH:  5    Dex: 15    Spells: 4/14 levels left

rFire    + . .     SeeInvis .   b - staff of death
rCold    . . .     Faith    .   k - +0 buckler
rNeg     + . .     Spirit   .   a - +0 robe
rPois    +         Reflect  .   (helmet restricted)
rElec    .         Harm     .   (no cloak)
rCorr    .         Rampage  .   (no gloves)
Will     .....                  (boots unavailable)
Stlth    ++........             y - amulet of magic regeneration
HPRegen  0.15/turn              f - ring of protection from fire
MPRegen  0.39/turn              w - ring of poison resistance

@: flying quickly and evasively, quick
A: beak, talons 3, nimble flight
a: no special abilities


You were on level 9 of the Dungeon.
You visited 2 branches of the dungeon, and saw 10 of its levels.

You collected 459 gold pieces.
You spent 360 gold pieces at shops.

Inventory:

Hand Weapons
 h - a +3 flail of freezing
 l - a +1 dagger of speed
 A - a +2 dagger of venom
Missiles
 n - 2 curare-tipped darts
 o - 53 poisoned darts
Armour
 a - a +0 robe (worn)
 k - a +0 buckler (worn)
Magical Staves
 b - a staff of death (weapon)
Jewellery
 f - a ring of protection from fire (left hand)
 w - a ring of poison resistance (right hand)
 y - an amulet of magic regeneration (around neck)
 E - an amulet of reflection
Wands
 m - a wand of flame (5)
 s - a wand of paralysis (9)
 x - a wand of acid (3)
 C - a wand of iceblast (6)
Scrolls
 c - a scroll of teleportation
 i - a scroll of fear {unknown}
 p - a scroll of amnesia
 q - 2 scrolls of blinking
 r - a scroll of torment {unknown}
 t - a scroll of fog {unknown}
 F - a scroll of immolation {unknown}
Potions
 d - 3 potions of curing
 e - 3 potions of flight
 g - 2 potions of berserk rage
 j - 4 potions of attraction
 u - a potion of heal wounds {unknown}
 v - a potion of invisibility {unknown}
 z - a potion of resistance {unknown}
 B - a potion of mutation {unknown}
 D - a potion of brilliance {unknown}


   Skills:
 - Level 2.2 Dodging
 - Level 2.0 Stealth
 - Level 4.0 Shields
 - Level 3.0 Spellcasting
 - Level 1.4 Conjurations
 * Level 15.3 Air Magic
 + Level 0.5 Evocations


You had 4 spell levels left.
You knew the following spells:

 Your Spells              Type           Power      Damage    Failure   Level
a - Shock                 Conj/Air       100%       1d9       1%          1
b - Airstrike             Air            27%        N/A       1%          4
c - Mephitic Cloud        Conj/Pois/Air  22%        N/A       4%          3
d - Poisonous Vapours     Pois/Air       60%        N/A       1%          2

Your spell library contained the following spells:

 Spells                   Type           Power      Damage    Failure   Level
 Static Discharge         Conj/Air       32%        N/A       1%          2
 Swiftness                Air            55%        N/A       1%          3
 Frozen Ramparts          Ice            4%         1d2       43%         3
 Ice Form                 Ice/Tmut       2%         N/A       85%         4
 Summon Ice Beast         Ice/Summ       2%         N/A       85%         4
 Freezing Cloud           Conj/Ice/Air   11%        6-21      41%         5
 Summon Forest            Summ/Tloc      1%         N/A       99%         5
 Summon Mana Viper        Hex/Summ       2%         N/A       99%         5
 Shadow Creatures         Summ           N/A        N/A       100%        6


Dungeon Overview and Level Annotations

Branches:
Dungeon (9/15)             Temple (1/1) D:4
   Lair: D:8-11         Orc: D:9-12

Altars:
Ashenzari
Cheibriados
Dithmenos
Elyvilon
Fedhas
Gozag
Hepliaklqana
Kikubaaqudgha
Makhleb
Nemelex Xobeh
Okawaru
Qazlal
Ru
Sif Muna
Trog
Uskayaw
Wu Jian
Xom
Yredelemnul
Zin
The Shining One

Shops:
D:2 =   D:3 (

Annotations:
D:9 Gastronok


Innate Abilities, Weirdness & Mutations

You have a beak for a mouth.
You have claws for feet.
Your magical nature lets you fly swiftly and evasively.


Message History

Press: ? - help, Dir - move target, f/p - Gastronok
Aim: Gastronok, wearing a +0 hat (lightly wounded, very poisoned) Poisonous vapours surround Gastronok!
Gastronok looks as sick as possible!
Unknown command.
Casting: Poisonous Vapours (safe; 1% risk of failure)
Confirm with . or Enter, or press ? or * to list all spells.
Aiming: Poisonous Vapours (safe; 1% risk of failure)
Press: ? - help, Dir - move target, f/p - Gastronok
Aim: Gastronok, wearing a +0 hat (lightly wounded, extremely poisoned) Poisonous vapours surround Gastronok!
Gastronok looks as sick as possible!
Unknown command.
Casting: Poisonous Vapours (safe; 1% risk of failure)
Confirm with . or Enter, or press ? or * to list all spells.
Aiming: Airstrike (safe; 1% risk of failure)
Press: ? - help, Dir - move target, f/p - Gastronok
Aim: Gastronok, wearing a +0 hat (lightly wounded, extremely poisoned)
The air twists around and strikes Gastronok!
Gastronok is lightly wounded.
Gastronok waves his eye-stalks in wide circles.
The air twists around and strikes you!!
Unknown command.
Casting: Airstrike (safe; 1% risk of failure)
Confirm with . or Enter, or press ? or * to list all spells.
Okay, then.
Aiming: Corrosive Bolt
Press: ? - help, Shift-Dir - straight line, f/p - Gastronok
Aim: Gastronok, wearing a +0 hat (lightly wounded, extremely poisoned, 100% to hit)
The bolt of acid hits Gastronok!!
Gastronok is splashed with acid.
Gastronok is moderately wounded.
Unknown command.
Aiming: Corrosive Bolt
Press: ? - help, Shift-Dir - straight line, f/p - Gastronok
Aim: Gastronok, wearing a +0 hat (moderately wounded, extremely poisoned, 100% to hit)
The bolt of acid hits Gastronok!
Gastronok is splashed with acid.
The acid corrodes Gastronok!
Gastronok is heavily wounded.
Gastronok waves his eye-stalks in wide circles.
The air twists around and strikes you!!
Ouch! That really hurt!
You die...

....# ...#
...## ....#
#### #...# #...
#...#### #...
#......# +...
#......# #...
#@.....# ...
#......#
#.###'##w..<..#
#.............#
#.............#
#.............#
###############


You could see Gastronok (extremely poisoned, corroded).

Vanquished Creatures
  Erica (D:8)
  Grinder (D:4)
  A steam dragon (D:8)
  2 water moccasins
  An orc warrior (D:8)
  2 ogres
  2 centaurs
  3 kobold brigands
  Blork the orc (D:4)
  2 bullfrogs
  A wyvern zombie (D:7)
  A scorpion (D:5)
  3 killer bees
  An electric eel (D:8)
  5 wights (D:3)
  A jelly (D:6)
  4 iguanas
  A killer bee zombie (D:7)
  A hound zombie (D:5)
  A hound skeleton (D:4)
  Robin (D:3)
  5 gnolls
  5 adders
  A white imp (D:8)
  An adder skeleton (D:4)
  2 worms (D:5)
  8 orcs
  7 ball pythons
  2 bats
  4 endoplasms
  8 giant cockroaches
  12 goblins
  8 hobgoblins
  7 jackals
  21 kobolds
  A quokka (D:2)
  2 frilled lizards
  6 rats
136 creatures vanquished.

Vanquished Creatures (others)
  A centaur zombie (D:5)
  5 fungi (D:4)
  A plant (D:4)
7 creatures vanquished.

Grand Total: 143 creatures vanquished

Notes
Turn   | Place    | Note
-------+----------+-------------------------------------------
     0 | D:1      | quinnr the Tengu Air Elementalist began the quest for the
                  | Orb.
     0 | D:1      | Reached XP level 1. HP: 10/10 MP: 4/4
    54 | D:1      | You fall into a shaft and drop 1 floor!
   250 | D:2      | Reached XP level 2. HP: 11/15 MP: 0/6
   690 | D:1      | Reached skill level 5 in Air Magic
   945 | D:1      | Reached XP level 3. HP: 19/19 MP: 4/7
  1188 | D:1      | Learned a level 3 spell: Mephitic Cloud
  1638 | D:2      | Found Karon's Jewellery Shop.
  2382 | D:2      | Found a faded altar of an unknown god.
  2497 | D:2      | quinnr: !whichgod TeAE
  2497 | D:2      | beem: 87 recent wins for TeAE: 41x Vehumet, 12x Sif Muna,
                  | 12x Gozag, 6x Ashenzari, 3x Ru, 2x The Shining One, 2x
                  | Dithmenos, Wu Jian, Cheibriados, Elyvilon, Hepliaklqana,
                  | Kikubaaqudgha, Makhleb, Qazlal, Trog, Uskayaw
  2497 | D:2      | quinnr: !lg * won TeAE s=god
  2497 | D:2      | beem: 460 games for * (won TeAE): 233x Vehumet, 56x
                  | Ashenzari, 55x Sif Muna, 20x Gozag, 15x Ru, 12x
                  | Kikubaaqudgha, 11x Cheibriados, 10x Dithmenos, 7x The
                  | Shining One, 5x Okawaru, 4x Qazlal, 4x Hepliaklqana, 4x
                  | Fedhas, 3x Jiyva, 3x Elyvilon, 3x Wu Jian, 3x Makhleb, 3x
                  | Nemelex Xobeh, 2x Yredelemnul, 2x Uskayaw, 2x Xom, Lugonu,
                  | Trog, Zin
  2504 | D:2      | Reached skill level 6 in Air Magic
  2504 | D:2      | Reached XP level 4. HP: 21/24 MP: 3/8
  3090 | D:3      | Noticed Robin
  3458 | D:3      | quinnr: ??wait
  3458 | D:3      | beem: wait ~ cait[1/1]: is not famous
  3458 | D:3      | quinnr: ??waiting
  3458 | D:3      | beem: I don't have a page labeled waiting in my learndb.
  3458 | D:3      | quinnr: ??.
  3458 | D:3      | beem: I don't have a page labeled . in my learndb. Did you
                  | mean: ", ', (, ), /, 6, 7, ;, ?, t, |, ©, ☡, 🌽, 🍕, 🐌,
                  | 🐙, 🕴, 🥖.
  3507 | D:3      | Found Lelyph's Antique Weapon Shoppe.
  3598 | D:3      | Killed Robin
  3877 | D:3      | Gained mutation: Your magical nature lets you fly swiftly
                  | and evasively. [Tengu growth]
  3877 | D:3      | Reached XP level 5. HP: 28/28 MP: 3/10
  4151 | D:3      | Reached skill level 7 in Air Magic
  4325 | D:3      | Reached skill level 8 in Air Magic
  4325 | D:3      | Reached XP level 6. HP: 5/32 MP: 1/11
  4593 | D:3      | Learned a level 4 spell: Airstrike
  4596 | D:3      | Learned a level 2 spell: Poisonous Vapours
  4843 | D:4      | Noticed Blork the orc
  4859 | D:4      | Killed Blork the orc
  4860 | D:4      | Reached skill level 9 in Air Magic
  5124 | D:4      | Found a blossoming altar of Fedhas.
  5299 | D:4      | Found an ornate altar of the Wu Jian Council.
  5452 | D:4      | Reached XP level 7. HP: 36/36 MP: 5/12
  5576 | D:4      | Noticed Grinder
  5584 | D:4      | Killed Grinder
  5585 | D:4      | Reached skill level 10 in Air Magic
  5919 | D:4      | Found a staircase to the Ecumenical Temple.
  5936 | Temple   | Entered the Ecumenical Temple
  6547 | D:5      | Entered Level 5 of the Dungeon
  6874 | D:5      | HP: 2/36 [something (9)]
  7257 | D:5      | Found a stormy altar of Qazlal.
  7410 | D:5      | Reached skill level 11 in Air Magic
  7872 | D:5      | Found a hide-covered altar of Uskayaw.
  8014 | D:5      | Found a hazy altar of Hepliaklqana.
  8127 | D:6      | Reached XP level 8. HP: 41/41 MP: 1/13
  8242 | D:6      | Reached skill level 1 in Shields
  8884 | D:6      | Reached skill level 12 in Air Magic
  8944 | D:6      | Found an ancient bone altar of Kikubaaqudgha.
  9557 | D:6      | Found a white marble altar of Elyvilon.
  9558 | D:6      | Found a glowing golden altar of the Shining One.
  9560 | D:6      | Found a glowing silver altar of Zin.
  9883 | D:6      | quinnr: ??5
  9883 | D:6      | beem: 5[1/2]: The tier 5 demons. Not very scary, they are:
                  | {crimson imp}, {white imp}, {shadow imp}, {iron imp},
                  | {quasit}, {ufetubus}. Also {Grinder}. Who is scary.
  9883 | D:6      | quinnr: ??5[w
  9883 | D:6      | beem: 5[1/2]: The tier 5 demons. Not very scary, they are:
                  | {crimson imp}, {white imp}, {shadow imp}, {iron imp},
                  | {quasit}, {ufetubus}. Also {Grinder}. Who is scary.
  9883 | D:6      | quinnr: ??5[2
  9883 | D:6      | beem: 5[2/2]: Also a key. Waits for 100 turns, or until
                  | interrupted.
  9883 | D:6      | quinnr: ??time
  9883 | D:6      | beem: I don't have a page labeled time in my learndb. Did
                  | you mean: tide, tome.
  9883 | D:6      | quinnr: ??aut
  9883 | D:6      | beem: aut[1/2]: Arbitrary unit of time.
  9883 | D:6      | quinnr: ??aut[2
  9883 | D:6      | beem: aut[2/2]: The unit which measures the delay of your
                  | character's actions. A normal turn takes 10 aut, displayed
                  | as 1.0 in the game UI.
  9883 | D:6      | quinnr: ??delay
  9883 | D:6      | beem: attack delay[1/4]: Attack delay is 10 time units for
                  | a melee weapon with base speed 100%. Every 2 levels of
                  | weapon skill lower the delay by 1 unit.
 10312 | D:2      | Bought an amulet of magic regeneration for 360 gold pieces
 11281 | D:7      | quinnr: ??stealth
 11281 | D:7      | beem: stealth[1/6]: Your character's ability to sneak
                  | around undetected. Base stealth is 3*dex + 15*SK_STEALTH,
                  | then modified as in {modified stealth}. See [3] for what
                  | the numbers mean.
 11281 | D:7      | quinnr: ??stealth[3
 11281 | D:7      | beem: stealth[3/6]: Each time *you* take an action (no
                  | penalty for nagas), each monster in LOS has an (x) in
                  | (stealth) chance of noticing you, where x = 22 + HD ... +4
                  | for smart, -4/-8/-12 for animal/insect/plant, +5 for sense
                  | invis, +50 for Glow, -10 if hibernating, +10 if "dormant"
                  | rather than sleeping, -75 if you are invisible to the
                  | monster. x cannot go below 1.
 11281 | D:7      | quinnr: ??stealth[2
 11281 | D:7      | beem: stealth[2/6]: @ values are: extremely un 0, very un < 50, un < 100, fairly < 150, (no modifier) stealthy < 200, quite < 250, very < 300, extremely < 350, extraordinarily < 400, incredibly < 500, uncannily otherwise. (Words removed in 0.19.)>
                  | ERROR: string above had unterminated tag
 11412 | D:7      | Reached skill level 13 in Air Magic
 11643 | D:8      | Reached XP level 9. HP: 45/45 MP: 2/14
 12168 | D:8      | Found a burning altar of Makhleb.
 12259 | D:8      | Noticed Erica
 12271 | D:8      | Killed Erica
 12272 | D:8      | Reached skill level 14 in Air Magic
 12276 | D:8      | Reached skill level 15 in Air Magic
 12784 | D:9      | Noticed Gastronok
 12798 | D:9      | Killed from afar by Gastronok

Illustrated notes

Levels and vault maps discovered:
D:1:      onia_arrival_mini_maze, layout_rooms, minivault_5,
          minmay_worlds_worst_comb
D:2:      minmay_razor_zed, layout_basic, serial_shops, shop,
          chequers_ecumenical_altar_simple_redux, corexii_corridor_pit,
          minmay_pentomino_u2
D:3:      layout_rooms, serial_shops, nicolae_shop_trees, uniq_robin
D:4:      minmay_door_path, layout_basic, pdpol_wu_jian_five_deadly_venoms,
          fedhas_altar_3, minmay_temple_entry_statues_fountains, uniq_grinder,
          uniq_blork_the_orc
D:5:      layout_loops_ring, nicolae_uskayaw_suspiria,
          mainiacjoe_overflow_small_starburst, nicolae_hepliaklqana_hippocampus,
          lemuel_flame_loot_1
D:6:      layout_loops_corners, good_gods_temple_1,
          nicolae_kikubaaqudgha_miasma_corner, palyth_stone_intersect,
          kennysheep_small_spiral
D:7:      layout_basic
D:8:      layout_loops_ring, lightli_temple_of_fire, minmay_crystal_water,
          uniq_erica
D:9:      layout_irregular_city, kennysheep_orc_monster_closet_entryway,
          minmay_door_square, uniq_maggie, uniq_gastronok, uniq_harold
Temple:   chequers_temple_sunken

Skill      XL: |  1  2  3  4  5  6  7  8  9 |
---------------+----------------------------+-----
Air Magic      | 5 6 8 9 11 13 15 | 15.3
Spellcasting   | 3 |  3.0
Shields        | 3 4 |  4.0
Dodging        | |  2.2
Stealth        | |  2.0
Conjurations   | |  1.4
Evocations     | |  0.5

Action                   |  1- 3 |  4- 6 |  7- 9 || total
-------------------------+-------+-------+-------++-------
Melee: Staff             |     6 |     4 |    16 ||    26
       Peck              |       |     2 |     5 ||     7
       Kick              |       |       |     8 ||     8
 Cast: Shock             |    60 |   105 |    94 ||   259
       Airstrike         |       |     6 |    42 ||    48
       Poisonous Vapours |       |     3 |    36 ||    39
       Mephitic Cloud    |       |     1 |    11 ||    12
Evoke: Wand              |       |     3 |    13 ||    16
  Use: Scroll            |       |     3 |     6 ||     9
 Stab: Confused          |       |       |     2 ||     2
Armor: Robe              |    10 |     5 |     4 ||    19
Dodge: Dodged            |    25 |    40 |    56 ||   121
Block: Buckler           |       |       |    12 ||    12

Table legend: (Time is in decaauts)
 A = Elapsed time spent in this place.
 B = Non-inter-level travel time spent in this place.
 C = Inter-level travel time spent in this place.
 D = Time resting spent in this place.
 E = Time spent auto-exploring this place.
 F = Levels seen in this place.
 G = Mean time per level.
                   A        B        C        D        E       F      G
               +--------+--------+--------+--------+--------+-----+--------+
         Total |  12341 |  11621 |    720 |   3267 |   7194 |  10 | 1234.1 |
       Dungeon |  11870 |  11187 |    683 |   3267 |   6761 |   9 | 1318.9 |
        Temple |    470 |    433 |     37 |      0 |    433 |   1 |  470.0 |
               +--------+--------+--------+--------+--------+-----+--------+

Top non-repeatable levels by time:
     D:2: 2140 daAuts
     D:5: 1643 daAuts
     D:4: 1532 daAuts
     D:6: 1485 daAuts
     D:7: 1445 daAuts
     D:3: 1379 daAuts
     D:1: 1221 daAuts
     D:8: 1003 daAuts
  Temple: 470 daAuts
     D:9: 18 daAuts
